 Dungeon Sprint DCSS version 0.20.0-15-g7f486f2 (webtiles) character file.

7782 Snowbourne the Imperceptible (level 11, 0/61 HPs)
             Began as an Octopode Enchanter on June 27, 2017.
             Was a Priest of Dithmenos.
             Slain by an unseen horror (2 damage)
             ... in the Dungeon (Sprint I: "Red Sonja").
             The game lasted 00:04:24 (847 turns).

Snowbourne the Imperceptible (Octopode Enchanter)    Turns: 847, Time: 00:04:25

Health: 0/61       AC:  1    Str:  7    XL:     11   Next: 20%
Magic:  14/14      EV: 14    Int: 18    God:    Dithmenos [***...]
Gold:   1035       SH:  0    Dex: 16    Spells: 2/14 levels left

rFire    . . .     SeeInvis .   a - +1 dagger
rCold    . . .     Gourm    .   (no shield)
rNeg     . . .     Faith    .   (helmet restricted)
rPois    .         Spirit   .   (no amulet)
rElec    .         Reflect  .   k - ring of resist corrosion
rCorr    +         Harm     .   (no ring)
MR       .....     NoTele   +   (no ring)
Stlth    ++++++++++             (no ring)
Regen    0.2/turn               (no ring)
MPRegen  0.2/turn               (no ring)
                                (no ring)
                                (no ring)

@: wreathed by umbra
A: almost no armour, stealthy swim, amphibious, 8 rings, constrict 8, camouflage
1, gelatinous body 1
a: Shadow Step, Renounce Religion


You were in the Dungeon.
You worshipped Dithmenos.
Dithmenos was most pleased with you.
You were not hungry.

You visited 1 branch You collected 1065 gold pieces.
You donated 30 gold pieces to Zin.

Inventory:

Hand Weapons
 a - a +1 dagger (weapon)
Jewellery
 k - a ring of resist corrosion (left tentacle)
Scrolls
 h - a scroll of fog {unknown}
 i - a scroll of blinking
 m - a scroll of remove curse {unknown}
Potions
 d - 2 potions of curing
 e - a potion of heal wounds
 f - a potion of haste
 g - 2 potions of magic
 j - a potion of flight {unknown}
 l - a potion of agility {unknown}
Books
 b - a book of Maledictions

   Spells                             Type                      Level
   a - Corona                         Hexes                        1
   b - Ensorcelled Hibernation        Hexes/Ice                    2
   c - Confuse                        Hexes                        3
   d - Tukima's Dance                 Hexes                        3
   e - Dazzling Spray                 Conjuration/Hexes            3


   Skills:
 - Level 1.0 Short Blades
 - Level 2.0 Dodging
 * Level 26.5 Stealth
 - Level 2.0 Spellcasting
 + Level 15.2 Hexes


You had 2 spell levels left.
You knew the following spells:

 Your Spells              Type           Power        Failure   Level  Hunger
a - Corona                Hex            ######.      1%          1    #......
b - Ensorcelled Hibernat  Hex/Ice        ####..       1%          2    ###....
c - Confuse               Hex            ######..     1%          3    ###....
d - Dazzling Spray        Conj/Hex       ####..       2%          3    ###....
e - Tukima's Dance        Hex            ######..     1%          3    ###....


Dungeon Overview and Level Annotations

Branches:
Dungeon (1/1)

Altars:
Cheibriados
Dithmenos
Elyvilon
Fedhas
Gozag
Hepliaklqana
Kikubaaqudgha
Makhleb
Nemelex Xobeh
Okawaru
Qazlal
Ru
Sif Muna
Trog
Uskayaw
Vehumet
Xom
Yredelemnul
Zin
The Shining One
Jiyva
Lugonu

Shops:
D *[}[!*[


Innate Abilities, Weirdness & Mutations

You cannot wear most types of armour.
You are very stealthy in the water. (Stealth+)
You are amphibious.
You can wear up to eight rings at the same time.
You can use your tentacles to constrict eight enemies at once.
Your skin changes colour to match your surroundings (Stealth+).
Your rubbery body absorbs attacks. (AC +1, EV +1)


Message History

You feel sick.
You feel better.
You start resting.
Magic restored.
You start resting.
You are feeling hungry.
You eat the bread ration.
That bread ration really hit the spot!
You open the door.
There is an open door here.
Deactivating autopickup; reactivate with Ctrl-A.
You hit something but do no damage. Something hits you! Something hits you.
Something hits you! Something hits you.
You hit something but do no damage. Something hits you! x2
* * * LOW HITPOINT WARNING * * *
Something hits you.
* * * LOW HITPOINT WARNING * * *
Something hits you!
* * * LOW HITPOINT WARNING * * *
You miss something. Something hits you.
You die...

..#_____##'#..+§≈§§.+..#
⌠⌠#_.∩...'..._#≈§§.§#..#
###_..__##_(#'##'#####§###
#_____###'#.#.().###.'.#
###########.####'###[###.#
∩........'.).'..[..'.∩##§#
##''''####...###########.#
.......####.###.....§§##§#
........#.#'#.#.@...§§.§§#
..#.....#.....#+++######§#
........#.[.).# #§#
.....#..####### +§#
........# ### ..#.....#
........# ##''''###
∩......∩#


There were no monsters in sight!

Vanquished Creatures
  2 centaur warriors (D)
  Sonja (D)
  A deep troll (D)
  An oklob plant (D)
  8 shining eyes (D)
  2 kobold demonologists (D)
  A hornet (D)
  A slime creature (D)
  Sigmund (D)
  2 redbacks (D)
  A yak (D)
  5 floating eyes (D)
  An ogre (D)
  A jelly (D)
  Ijyb (D)
  A ballistomycete spore (D)
30 creatures vanquished.

Vanquished Creatures (others)
  A ballistomycete spore (D)
1 creature vanquished.

Grand Total: 31 creatures vanquished

Notes
Turn   | Place    | Note
-------+----------+-------------------------------------------
     0 | D        | Snowbourne the Octopode Enchanter began the quest for the Orb.
     0 | D        | Reached XP level 1. HP: 11/11 MP: 3/3
     2 | D        | Noticed Ijyb
     9 | D        | Killed Ijyb
     9 | D        | Reached skill level 7 in Stealth
     9 | D        | Reached XP level 2. HP: 17/17 MP: 5/5
     9 | D        | Reached XP level 3. HP: 21/21 MP: 6/6
    57 | D        | Learned a level 2 spell: Ensorcelled Hibernation
    61 | D        | Learned a level 3 spell: Confuse
    61 | D        | Noticed an ogre
    74 | D        | Killed an ogre
    74 | D        | Reached skill level 11 in Stealth
    74 | D        | Reached XP level 4. HP: 27/27 MP: 4/7
   104 | D        | Noticed Sigmund
   106 | D        | Killed Sigmund
   106 | D        | Reached skill level 14 in Stealth
   106 | D        | Reached XP level 5. HP: 31/31 MP: 8/8
   106 | D        | Reached XP level 6. HP: 36/36 MP: 9/9
   112 | D        | Learned a level 3 spell: Dazzling Spray
   122 | D        | Found a deep blue altar of Sif Muna.
   124 | D        | Found a radiant altar of Vehumet.
   157 | D        | Found Mismumoc's Armour Emporium.
   157 | D        | Found an ancient bone altar of Kikubaaqudgha.
   157 | D        | Found a hazy altar of Hepliaklqana.
   157 | D        | Found a hide-covered altar of Uskayaw.
   157 | D        | Found a basalt altar of Yredelemnul.
   157 | D        | Found an opulent altar of Gozag.
   157 | D        | Found a snail-covered altar of Cheibriados.
   157 | D        | Found a sacrificial altar of Ru.
   157 | D        | Found a shadowy altar of Dithmenos.
   157 | D        | Noticed a yak
   158 | D        | Found a stormy altar of Qazlal.
   158 | D        | Found a blossoming altar of Fedhas.
   158 | D        | Found a bloodstained altar of Trog.
   158 | D        | Found an iron altar of Okawaru.
   158 | D        | Found a glowing golden altar of the Shining One.
   158 | D        | Found a glowing silver altar of Zin.
   158 | D        | Found a white marble altar of Elyvilon.
   159 | D        | Killed a yak
   159 | D        | Reached skill level 16 in Stealth
   159 | D        | Reached XP level 7. HP: 41/41 MP: 10/10
   160 | D        | Found a sparkling altar of Nemelex Xobeh.
   166 | D        | Became a worshipper of Zin the Law-Giver
   166 | D        | Reached * piety under Zin
   166 | D        | Reached ** piety under Zin
   166 | D        | Reached *** piety under Zin
   166 | D        | Reached **** piety under Zin
   166 | D        | Reached ***** piety under Zin
   166 | D        | Reached ****** piety under Zin
   174 | D        | Noticed Sonja
   178 | D        | Killed Sonja
   178 | D        | Reached skill level 18 in Stealth
   178 | D        | Reached skill level 10 in Hexes
   178 | D        | Reached XP level 8. HP: 39/46 MP: 8/11
   251 | D        | Found Tumuxzut's General Store.
   260 | D        | Noticed a shining eye
   260 | D        | Noticed a shining eye
   260 | D        | Noticed a shining eye
   261 | D        | Noticed a shining eye
   261 | D        | Noticed a shining eye
   261 | D        | Noticed a shining eye
   262 | D        | Reached skill level 19 in Stealth
   263 | D        | Noticed a shining eye
   263 | D        | Noticed a shining eye
   264 | D        | Killed a shining eye
   264 | D        | Reached skill level 20 in Stealth
   267 | D        | Killed a shining eye
   267 | D        | Reached XP level 9. HP: 51/51 MP: 12/12
   269 | D        | Reached skill level 21 in Stealth
   271 | D        | Killed a shining eye
   278 | D        | Killed a shining eye
   278 | D        | Reached skill level 22 in Stealth
   284 | D        | Killed a shining eye
   284 | D        | Reached skill level 23 in Stealth
   284 | D        | Reached XP level 10. HP: 56/56 MP: 13/13
   300 | D        | Killed a shining eye
   311 | D        | Killed a shining eye
   321 | D        | Killed a shining eye
   321 | D        | Reached skill level 24 in Stealth
   324 | D        | Found Unekoul's Distillery.
   324 | D        | Found Syoff's Antique Armour Shoppe.
   324 | D        | Found Ythi Ryc's Assorted Antiques.
   324 | D        | Found Carayda's Gadget Emporium.
   366 | D        | Fell from the grace of Zin
   366 | D        | Became a worshipper of Dithmenos the Shadowed
   371 | D        | Learned a level 3 spell: Tukima's Dance
   420 | D        | Noticed a deep troll
   424 | D        | Killed a deep troll
   434 | D        | Found Suligro's Armour Emporium.
   467 | D        | Found a burning altar of Makhleb.
   467 | D        | Found a viscous altar of Jiyva.
   467 | D        | Found a shimmering altar of Xom.
   467 | D        | Found a corrupted altar of Lugonu.
   507 | D        | Noticed a kobold demonologist
   508 | D        | Noticed a kobold demonologist
   510 | D        | Reached * piety under Dithmenos
   512 | D        | Killed a kobold demonologist
   514 | D        | Killed a kobold demonologist
   514 | D        | Reached skill level 25 in Stealth
   541 | D        | Noticed a centaur warrior
   541 | D        | Noticed a centaur warrior
   544 | D        | Killed a centaur warrior
   544 | D        | Reached ** piety under Dithmenos
   545 | D        | Killed a centaur warrior
   545 | D        | Reached skill level 26 in Stealth
   545 | D        | Reached XP level 11. HP: 61/61 MP: 14/14
   557 | D        | Reached skill level 15 in Hexes
   569 | D        | Noticed an oklob plant
   571 | D        | Killed an oklob plant
   578 | D        | Reached *** piety under Dithmenos
   602 | D        | HP: 3/61 [poisoned by a redback]
   846 | D        | HP: 2/61 [something (11)]
   847 | D        | Slain by an unseen horror

Skill      XL: |  1  2  3  4  5  6  7  8  9 10 11 |
---------------+----------------------------------+-----
Stealth        | 7 11 14 16 18 20 23 26 | 26.5
Hexes          | 4 6 7 9 10 11 13 14 15 | 15.2
Short Blades   | |  1.0
Dodging        | |  2.0
Spellcasting   | |  2.0

Action                   |  1- 3 |  4- 6 |  7- 9 | 10-12 || total
-------------------------+-------+-------+-------+-------++-------
Melee: Dagger            |    17 |     3 |    10 |    47 ||    77
       Constrict         |     1 |       |       |     4 ||     5
       Tentacles         |     4 |       |       |    11 ||    15
 Cast: Confuse           |     1 |       |       |       ||     1
       Ensorcelled Hiber |       |       |     1 |     2 ||     3
       Dazzling Spray    |       |       |       |     3 ||     3
Invok: Recite            |       |       |       |     2 ||     2
  Use: Potion            |     1 |       |       |     1 ||     2
 Stab: Sleeping          |       |     3 |    10 |    11 ||    24
  Eat: Bread ration      |       |       |       |     1 ||     1
Armor: Skin              |     1 |       |       |       ||     1
Dodge: Dodged            |     6 |       |       |       ||     6
